Devils vs BlueJackets

Created - February 11 2008 at 18:40

Goals
1 2 3 T
Devils 3 2 1 6
BlueJackets 3 0 0 3
Shots
1 2 3 T
Devils 8 10 13 31
BlueJackets 21 6 4 31

Period #1

1. Devils , Brad Lukowich 2 (Michael Nylander, Jamie Langenbrunner) at 0:10
2. BlueJackets , Patrick Marleau 28 (Vyacheslav Kozlov, Teemu Selanne) at 1:58
3. Devils , Zach Parise 19 (Michael Nylander, Chris Chelios) at 3:57
4. BlueJackets , Jason Smith 2 (Erik Christensen, Christian Ehrhoff) at 8:35
5. Devils , Travis Zajac 6 (Paul Martin, Miroslav Satan) at 9:00
6. BlueJackets , Mike Grier 11 (Steve Rucchin, Dan Girardi) at 10:17

Penalties :
Colin White (NJD) for Interference (Minor) at 4:20, Dan Girardi (CBJ) for Hooking (Minor) at 14:27, Richard Matvichuk (NJD) for Holding (Minor) at 16:50, Brad Lukowich (NJD) for Roughing (Minor) at 19:07, Teemu Selanne (CBJ) for Hooking (Minor) at 19:32, Michael Nylander (NJD) for Hooking (Minor) at 19:36

Period #2

7. Devils , Richard Matvichuk 1 (Miroslav Satan, Juraj Kolnik) at 3:21
8. Devils , Ben Eager 2 (Chris Chelios) at 8:52

Penalties :
Jason Chimera (CBJ) for Slashing (Minor) at 11:22, Alexander Svitov (CBJ) for Tripping (Minor) at 14:19, Fredrik Modin (CBJ) for Holding (Minor) at 17:37

Period #3

9. Devils , Paul Martin 3 (Zach Parise, Michael Nylander) at 8:18 (SH)

Penalties :
Paul Martin (NJD) for Interference (Minor) at 4:42, Colin White (NJD) for Slashing (Minor) at 5:53, Jamie Langenbrunner (NJD) for Hooking (Minor) at 7:19, Jean-Pierre Dumont (NJD) for Tripping (Minor) at 16:36, Alexander Svitov (CBJ) for Hooking (Minor) at 18:50

Goalie Stats

Martin Brodeur (NJD), 28 saves from 31 shots - (0.903), W, 37-17-3, 60:00 minutes
Jaroslav Halak (CBJ), 18 saves from 20 shots - (0.900), 36:39 minutes
Niklas Backstrom (CBJ), 7 saves from 11 shots - (0.636), L, 22-24-4, 23:21 minutes

Players Stats

Devils
Player Name              G  A  P  +/- PIM S  H  SB FO MP 
-----------------------------------------------------------
Ben Eager                1  0  1   1  0   1  0  0  0  4  
Brad Lukowich            1  0  1   1  2   3  2  1  0  24 
Cam Janssen              0  0  0   1  0   0  0  0  1  4  
Chris Chelios            0  2  2   1  0   2  2  1  0  23 
Colin White              0  0  0   1  4   0  1  0  0  19 
Daniel Alfredsson        0  0  0   0  0   4  0  0  2  22 
Jamie Langenbrunner      0  1  1   0  2   2  2  0  1  19 
Jean-Pierre Dumont       0  0  0   0  2   0  0  0  0  16 
John Madden              0  0  0   1  0   0  2  0  16 10 
Juraj Kolnik             0  1  1   1  0   2  2  1  1  15 
Michael Nylander         0  3  3   1  2   1  0  0  22 16 
Miroslav Satan           0  2  2   1  0   2  0  1  4  16 
Paul Martin              1  1  2   2  2   2  0  4  0  23 
Richard Matvichuk        1  0  1   1  2   1  1  2  0  15 
Ryan Getzlaf             0  0  0   0  0   3  2  2  32 22 
Timo Helbling            0  0  0   0  0   0  0  1  0  21 
Travis Zajac             1  0  1   1  0   2  2  1  17 15 
Zach Parise              1  1  2   1  0   6  1  0  3  17 
BlueJackets
Player Name              G  A  P  +/- PIM S  H  SB FO MP 
-----------------------------------------------------------
Alexander Svitov         0  0  0  -1  4   0  2  0  6  10 
Anze Kopitar             0  0  0  -3  0   1  0  1  23 18 
Brent Burns              0  0  0  -2  0   4  0  4  0  24 
Bryan Berard             0  0  0   1  0   0  0  1  0  6  
Christian Ehrhoff        0  1  1  -1  0   1  1  2  0  25 
Dan Fritsche             0  0  0  -1  0   4  1  1  10 24 
Dan Girardi              0  1  1   1  2   1  0  2  0  17 
Erik Christensen         0  1  1   1  0   2  0  0  0  4  
Fredrik Modin            0  0  0  -3  2   0  0  0  2  18 
Jason Chimera            0  0  0   1  2   2  6  0  1  16 
Jason Smith              1  0  1  -1  0   1  1  2  0  25 
Martin St. Louis         0  0  0  -1  0   0  0  0  0  3  
Mike Grier               1  0  1   1  0   4  0  0  1  15 
Nick Schultz             0  0  0  -2  0   1  0  2  0  23 
Patrick Marleau          1  0  1  -2  0   5  2  0  23 22 
Steve Rucchin            0  1  1   1  0   2  0  0  19 15 
Teemu Selanne            0  1  1  -2  2   1  1  0  12 21 
Vyacheslav Kozlov        0  1  1  -2  0   2  2  0  2  21 

3 Stars

1 - Paul Martin (NJD)
2 - Zach Parise (NJD)
3 - Michael Nylander (NJD)

Power Play

Devils - 0 on 6 Attempt(s) - 0.00%
BlueJackets - 0 on 8 Attempt(s) - 0.00%

Penalty Kill

Devils - 8 on 8 Attempt(s) - 100.00% - Score 1 goal in Penalty Kill
BlueJackets - 6 on 6 Attempt(s) - 100.00% - Score 0 goal in Penalty Kill

Game Notes

Bryan Berard is injured at 3:13 of 2nd period (Sprained Left Finger)
Jaroslav Halak enters game at 3:21 of 2nd period

Finance

Level 1 -- Attendance: 5319 (88.65%) -- Ticket Income $478,710.00
Level 2 -- Attendance: 4025 (76.67%) -- Ticket Income $201,250.00
Level 3 -- Attendance: 1895 (84.22%) -- Ticket Income $47,375.00
Level 4 -- Attendance: 3504 (87.60%) -- Ticket Income $35,040.00
Luxury Box -- Attendance: 670 (67.00%) -- Ticket Income $134,000.00
Game was played at the Nationwide Arena
Total Attendance: 15413 (83.31%)
Total Ticket Income: $907,985.90
Other Income: $151,602.60
Total Income: $1,059,589.00


Play by Play

Period #1

0:01 of 1st period - Michael Nylander wins face-off versus Patrick Marleau in neutral zone.
0:10 of 1st period - Shot by Brad Lukowich.
0:10 of 1st period - Goal by Brad Lukowich - Devils : 1 - BlueJackets : 0.
0:11 of 1st period - Ryan Getzlaf wins face-off versus Anze Kopitar in neutral zone.
0:32 of 1st period - Shot by Jean-Pierre Dumont.
0:32 of 1st period - Shot Misses the Net.
0:34 of 1st period - Shot by Daniel Alfredsson.
0:34 of 1st period - Shot Blocked by Brent Burns.
0:44 of 1st period - Shot by Daniel Alfredsson.
0:44 of 1st period - Stopped by Niklas Backstrom without a rebound.
0:45 of 1st period - Vyacheslav Kozlov wins face-off versus Michael Nylander in BlueJackets zone.
0:58 of 1st period - Shot by Vyacheslav Kozlov.
0:58 of 1st period - Stopped by Martin Brodeur without a rebound.
0:59 of 1st period - Miroslav Satan wins face-off versus Jason Chimera in Devils zone.
0:59 of 1st period - Travis Zajac is hit by Jason Chimera and loses puck.
1:10 of 1st period - Shot by Travis Zajac.
1:10 of 1st period - Stopped by Niklas Backstrom with a rebound.
1:12 of 1st period - Shot by Paul Martin.
1:12 of 1st period - Stopped by Niklas Backstrom without a rebound.
1:13 of 1st period - Michael Nylander wins face-off versus Teemu Selanne in BlueJackets zone.
1:40 of 1st period - Shot by Vyacheslav Kozlov.
1:40 of 1st period - Shot Blocked by Brad Lukowich.
1:56 of 1st period - Shot by Patrick Marleau.
1:56 of 1st period - Deflect By Teemu Selanne.
1:56 of 1st period - Shot Misses the Net.
1:58 of 1st period - Shot by Vyacheslav Kozlov.
1:58 of 1st period - Deflect By Patrick Marleau.
1:58 of 1st period - Goal by Patrick Marleau - Devils : 1 - BlueJackets : 1.
1:59 of 1st period - Ryan Getzlaf wins face-off versus Anze Kopitar in neutral zone.
2:37 of 1st period - Anze Kopitar is hit by Ryan Getzlaf and loses puck.
3:03 of 1st period - Shot by Travis Zajac.
3:03 of 1st period - Shot Blocked by Nick Schultz.
3:05 of 1st period - Shot by Miroslav Satan.
3:05 of 1st period - Shot Misses the Net.
3:29 of 1st period - Dan Fritsche is hit by Travis Zajac and loses puck.
3:57 of 1st period - Shot by Zach Parise.
3:57 of 1st period - Goal by Zach Parise - Devils : 2 - BlueJackets : 1.
3:58 of 1st period - John Madden wins face-off versus Steve Rucchin in neutral zone.
4:10 of 1st period - Icing by Dan Girardi.
4:11 of 1st period - Steve Rucchin wins face-off versus Ryan Getzlaf in BlueJackets zone.
4:17 of 1st period - Off-side.
4:18 of 1st period - Vyacheslav Kozlov wins face-off versus Ryan Getzlaf in neutral zone.
4:20 of 1st period - Minor Penalty to Colin White for Interference.
4:21 of 1st period - Patrick Marleau wins face-off versus Ryan Getzlaf in Devils zone.
4:56 of 1st period - Patrick Marleau is hit by Brad Lukowich and loses puck.
4:59 of 1st period - Shot by Patrick Marleau.
4:59 of 1st period - Deflect By Vyacheslav Kozlov.
4:59 of 1st period - Shot Misses the Net.
5:01 of 1st period - Shot by Christian Ehrhoff.
5:01 of 1st period - Shot Blocked by Ryan Getzlaf.
5:05 of 1st period - Shot by Patrick Marleau.
5:05 of 1st period - Stopped by Martin Brodeur without a rebound.
5:06 of 1st period - Patrick Marleau wins face-off versus John Madden in Devils zone.
5:19 of 1st period - Shot by Patrick Marleau.
5:19 of 1st period - Stopped by Martin Brodeur without a rebound.
5:20 of 1st period - John Madden wins face-off versus Anze Kopitar in Devils zone.
5:40 of 1st period - Shot by Brent Burns.
5:40 of 1st period - Stopped by Martin Brodeur without a rebound.
5:41 of 1st period - Ryan Getzlaf wins face-off versus Patrick Marleau in Devils zone.
5:41 of 1st period - Ryan Getzlaf is hit by Vyacheslav Kozlov.
6:33 of 1st period - Shot by Miroslav Satan.
6:33 of 1st period - Shot Misses the Net.
6:43 of 1st period - Travis Zajac is hit by Jason Chimera and loses puck.
6:48 of 1st period - Shot by Jason Chimera.
6:48 of 1st period - Deflect By Mike Grier.
6:48 of 1st period - Shot Blocked by Miroslav Satan.
6:54 of 1st period - Shot by Jason Chimera.
6:54 of 1st period - Shot Hit the Post.
6:56 of 1st period - Shot by Mike Grier.
6:56 of 1st period - Stopped by Martin Brodeur without a rebound.
6:57 of 1st period - Fredrik Modin wins face-off versus Ryan Getzlaf in Devils zone.
8:10 of 1st period - Timo Helbling is hit by Jason Chimera and loses puck.
8:29 of 1st period - Shot by Erik Christensen.
8:29 of 1st period - Stopped by Martin Brodeur with a rebound.
8:33 of 1st period - Shot by Erik Christensen.
8:33 of 1st period - Shot Misses the Net.
8:35 of 1st period - Shot by Jason Smith.
8:35 of 1st period - Goal by Jason Smith - Devils : 2 - BlueJackets : 2.
8:36 of 1st period - Miroslav Satan wins face-off versus Patrick Marleau in neutral zone.
8:36 of 1st period - Miroslav Satan is hit by Patrick Marleau.
9:00 of 1st period - Shot by Travis Zajac.
9:00 of 1st period - Goal by Travis Zajac - Devils : 3 - BlueJackets : 2.
9:01 of 1st period - Michael Nylander wins face-off versus Anze Kopitar in neutral zone.
9:04 of 1st period - Shot by Jamie Langenbrunner.
9:04 of 1st period - Shot Misses the Net.
9:23 of 1st period - Dan Fritsche is hit by Chris Chelios.
9:36 of 1st period - Chris Chelios is hit by Dan Fritsche and loses puck.
10:13 of 1st period - Shot by Jason Chimera.
10:13 of 1st period - Shot Blocked by Paul Martin.
10:17 of 1st period - Shot by Steve Rucchin.
10:17 of 1st period - Deflect By Mike Grier.
10:17 of 1st period - Goal by Mike Grier - Devils : 3 - BlueJackets : 3.
10:18 of 1st period - Travis Zajac wins face-off versus Patrick Marleau in neutral zone.
10:30 of 1st period - Icing by Miroslav Satan.
10:31 of 1st period - Travis Zajac wins face-off versus Patrick Marleau in Devils zone.
10:39 of 1st period - Off-side.
10:40 of 1st period - John Madden wins face-off versus Steve Rucchin in neutral zone.
11:06 of 1st period - Shot by Mike Grier.
11:06 of 1st period - Stopped by Martin Brodeur without a rebound.
11:07 of 1st period - Patrick Marleau wins face-off versus Ryan Getzlaf in Devils zone.
11:31 of 1st period - Daniel Alfredsson is hit by Vyacheslav Kozlov and loses puck.
11:35 of 1st period - Off-side.
11:36 of 1st period - Travis Zajac wins face-off versus Anze Kopitar in neutral zone.
11:52 of 1st period - Off-side.
11:53 of 1st period - Alexander Svitov wins face-off versus Michael Nylander in neutral zone.
11:56 of 1st period - Jamie Langenbrunner is hit by Alexander Svitov and loses puck.
12:08 of 1st period - Shot by Erik Christensen.
12:08 of 1st period - Stopped by Martin Brodeur with a rebound.
12:20 of 1st period - Shot by Erik Christensen.
12:20 of 1st period - Shot Misses the Net.
12:37 of 1st period - Icing by Alexander Svitov.
12:38 of 1st period - Travis Zajac wins face-off versus Alexander Svitov in BlueJackets zone.
13:09 of 1st period - Shot by Jason Chimera.
13:09 of 1st period - Shot Blocked by Richard Matvichuk.
13:11 of 1st period - Shot by Mike Grier.
13:11 of 1st period - Shot Blocked by Paul Martin.
13:16 of 1st period - Shot by Jason Chimera.
13:16 of 1st period - Shot Blocked by Juraj Kolnik.
13:20 of 1st period - Shot by Jason Chimera.
13:20 of 1st period - Shot Misses the Net.
13:22 of 1st period - Shot by Steve Rucchin.
13:22 of 1st period - Shot Misses the Net.
13:24 of 1st period - Shot by Steve Rucchin.
13:24 of 1st period - Shot Blocked by Travis Zajac.
13:28 of 1st period - Shot by Steve Rucchin.
13:28 of 1st period - Stopped by Martin Brodeur without a rebound.
13:29 of 1st period - Ryan Getzlaf wins face-off versus Anze Kopitar in Devils zone.
13:38 of 1st period - Fredrik Modin is hit by Ryan Getzlaf and loses puck.
13:51 of 1st period - Shot by Fredrik Modin.
13:51 of 1st period - Shot Blocked by Timo Helbling.
14:16 of 1st period - Off-side.
14:17 of 1st period - Steve Rucchin wins face-off versus Michael Nylander in neutral zone.
14:27 of 1st period - Minor Penalty to Dan Girardi for Hooking.
14:28 of 1st period - Michael Nylander wins face-off versus Teemu Selanne in BlueJackets zone.
14:29 of 1st period - Shot by Brad Lukowich.
14:29 of 1st period - Stopped by Niklas Backstrom without a rebound.
14:30 of 1st period - Michael Nylander wins face-off versus Teemu Selanne in BlueJackets zone.
14:42 of 1st period - Icing by Zach Parise.
14:43 of 1st period - Dan Fritsche wins face-off versus Michael Nylander in Devils zone.
15:03 of 1st period - Icing by Paul Martin.
15:04 of 1st period - Michael Nylander wins face-off versus Teemu Selanne in Devils zone.
15:17 of 1st period - Shot by Zach Parise.
15:17 of 1st period - Stopped by Niklas Backstrom with a rebound.
15:19 of 1st period - Shot by Zach Parise.
15:19 of 1st period - Shot Misses the Net.
15:21 of 1st period - Shot by Brad Lukowich.
15:21 of 1st period - Shot Misses the Net.
15:39 of 1st period - Shot by Jean-Pierre Dumont.
15:39 of 1st period - Shot Misses the Net.
16:19 of 1st period - Off-side.
16:20 of 1st period - Teemu Selanne wins face-off versus Zach Parise in neutral zone.
16:50 of 1st period - Minor Penalty to Richard Matvichuk for Holding.
16:51 of 1st period - Teemu Selanne wins face-off versus Ryan Getzlaf in Devils zone.
17:14 of 1st period - Shot by Teemu Selanne.
17:14 of 1st period - Shot Blocked by Ryan Getzlaf.
17:16 of 1st period - Shot by Patrick Marleau.
17:16 of 1st period - Shot Misses the Net.
17:18 of 1st period - Shot by Vyacheslav Kozlov.
17:18 of 1st period - Shot Misses the Net.
17:22 of 1st period - Shot by Teemu Selanne.
17:22 of 1st period - Shot Misses the Net.
17:26 of 1st period - Shot by Christian Ehrhoff.
17:26 of 1st period - Stopped by Martin Brodeur without a rebound.
17:27 of 1st period - John Madden wins face-off versus Anze Kopitar in Devils zone.
17:56 of 1st period - Shot by Brent Burns.
17:56 of 1st period - Stopped by Martin Brodeur without a rebound.
17:57 of 1st period - Teemu Selanne wins face-off versus Ryan Getzlaf in Devils zone.
18:35 of 1st period - Fredrik Modin is hit by John Madden and loses puck.
18:42 of 1st period - Shot by Anze Kopitar.
18:42 of 1st period - Stopped by Martin Brodeur without a rebound.
18:43 of 1st period - Anze Kopitar wins face-off versus Ryan Getzlaf in Devils zone.
18:46 of 1st period - Shot by Dan Fritsche.
18:46 of 1st period - Stopped by Martin Brodeur with a rebound.
18:48 of 1st period - Shot by Fredrik Modin.
18:48 of 1st period - Shot Misses the Net.
18:50 of 1st period - Shot by Nick Schultz.
18:50 of 1st period - Stopped by Martin Brodeur without a rebound.
18:51 of 1st period - Steve Rucchin wins face-off versus Juraj Kolnik in Devils zone.
18:55 of 1st period - Jason Chimera is hit by Richard Matvichuk and loses puck.
19:02 of 1st period - Shot by Mike Grier.
19:02 of 1st period - Stopped by Martin Brodeur with a rebound.
19:04 of 1st period - Shot by Jason Chimera.
19:04 of 1st period - Stopped by Martin Brodeur without a rebound.
19:05 of 1st period - John Madden wins face-off versus Alexander Svitov in Devils zone.
19:07 of 1st period - Minor Penalty to Brad Lukowich for Roughing.
19:08 of 1st period - Anze Kopitar wins face-off versus Ryan Getzlaf in Devils zone.
19:13 of 1st period - Shot by Anze Kopitar.
19:13 of 1st period - Deflect By Dan Fritsche.
19:13 of 1st period - Stopped by Martin Brodeur without a rebound.
19:14 of 1st period - Anze Kopitar wins face-off versus Ryan Getzlaf in Devils zone.
19:31 of 1st period - Shot by Brent Burns.
19:31 of 1st period - Stopped by Martin Brodeur without a rebound.
19:32 of 1st period - John Madden wins face-off versus Patrick Marleau in Devils zone.
19:32 of 1st period - Minor Penalty to Teemu Selanne for Hooking.
19:33 of 1st period - Michael Nylander wins face-off versus Dan Fritsche in Devils zone.
19:33 of 1st period - Michael Nylander is hit by Patrick Marleau.
19:36 of 1st period - Minor Penalty to Michael Nylander for Hooking.
19:37 of 1st period - Dan Fritsche wins face-off versus John Madden in neutral zone.

Period #2

0:01 of 2nd period - Ryan Getzlaf wins face-off versus Dan Fritsche in neutral zone.
0:32 of 2nd period - Shot by Patrick Marleau.
0:32 of 2nd period - Stopped by Martin Brodeur without a rebound.
0:33 of 2nd period - Ryan Getzlaf wins face-off versus Dan Fritsche in Devils zone.
0:47 of 2nd period - Icing by Vyacheslav Kozlov.
0:48 of 2nd period - Ryan Getzlaf wins face-off versus Dan Fritsche in BlueJackets zone.
1:41 of 2nd period - Juraj Kolnik is hit by Jason Chimera and loses puck.
1:50 of 2nd period - Shot by Steve Rucchin.
1:50 of 2nd period - Stopped by Martin Brodeur with a rebound.
1:52 of 2nd period - Shot by Steve Rucchin.
1:52 of 2nd period - Shot Blocked by Richard Matvichuk.
1:56 of 2nd period - Shot by Mike Grier.
1:56 of 2nd period - Shot Misses the Net.
2:00 of 2nd period - Shot by Mike Grier.
2:00 of 2nd period - Shot Blocked by Paul Martin.
2:04 of 2nd period - Shot by Jason Chimera.
2:04 of 2nd period - Stopped by Martin Brodeur without a rebound.
2:05 of 2nd period - Patrick Marleau wins face-off versus John Madden in Devils zone.
2:08 of 2nd period - Shot by Teemu Selanne.
2:08 of 2nd period - Stopped by Martin Brodeur without a rebound.
2:09 of 2nd period - Ryan Getzlaf wins face-off versus Patrick Marleau in Devils zone.
2:20 of 2nd period - Shot by Ryan Getzlaf.
2:20 of 2nd period - Stopped by Niklas Backstrom with a rebound.
2:28 of 2nd period - Shot by Jean-Pierre Dumont.
2:28 of 2nd period - Shot Blocked by Christian Ehrhoff.
2:37 of 2nd period - Icing by Colin White.
2:38 of 2nd period - Steve Rucchin wins face-off versus Ryan Getzlaf in Devils zone.
2:38 of 2nd period - Mike Grier is hit by Colin White and loses puck.
2:50 of 2nd period - Jean-Pierre Dumont is hit by Jason Chimera and loses puck.
3:02 of 2nd period - Icing by Steve Rucchin.
3:03 of 2nd period - Steve Rucchin wins face-off versus Cam Janssen in BlueJackets zone.
3:13 of 2nd period - Shot by Brad Lukowich.
3:13 of 2nd period - Deflect By John Madden.
3:13 of 2nd period - Shot Blocked by Bryan Berard.
3:13 of 2nd period - Bryan Berard from BlueJackets is injured at 3:13 of 2nd period (Sprained Left Finger).
3:14 of 2nd period - Travis Zajac wins face-off versus Anze Kopitar in BlueJackets zone.
3:19 of 2nd period - Shot by Miroslav Satan.
3:19 of 2nd period - Stopped by Niklas Backstrom with a rebound.
3:21 of 2nd period - Shot by Richard Matvichuk.
3:21 of 2nd period - Goal by Richard Matvichuk - Devils : 4 - BlueJackets : 3.
3:21 of 2nd period - Jaroslav Halak enters game.
3:22 of 2nd period - Alexander Svitov wins face-off versus Michael Nylander in neutral zone.
4:06 of 2nd period - Shot by Dan Fritsche.
4:06 of 2nd period - Stopped by Martin Brodeur without a rebound.
4:07 of 2nd period - Steve Rucchin wins face-off versus Travis Zajac in Devils zone.
4:22 of 2nd period - Shot by Travis Zajac.
4:22 of 2nd period - Shot Misses the Net.
4:26 of 2nd period - Shot by Juraj Kolnik.
4:26 of 2nd period - Stopped by Jaroslav Halak without a rebound.
4:27 of 2nd period - Ryan Getzlaf wins face-off versus Anze Kopitar in BlueJackets zone.
4:55 of 2nd period - Shot by Dan Fritsche.
4:55 of 2nd period - Stopped by Martin Brodeur without a rebound.
4:56 of 2nd period - Travis Zajac wins face-off versus Steve Rucchin in Devils zone.
4:56 of 2nd period - Miroslav Satan is hit by Jason Chimera and loses puck.
5:32 of 2nd period - Paul Martin is hit by Christian Ehrhoff and loses puck.
6:06 of 2nd period - Fredrik Modin is hit by Jamie Langenbrunner and loses puck.
7:02 of 2nd period - Icing by Christian Ehrhoff.
7:03 of 2nd period - Patrick Marleau wins face-off versus Ryan Getzlaf in BlueJackets zone.
8:52 of 2nd period - Shot by Ben Eager.
8:52 of 2nd period - Goal by Ben Eager - Devils : 5 - BlueJackets : 3.
8:53 of 2nd period - Michael Nylander wins face-off versus Alexander Svitov in neutral zone.
9:04 of 2nd period - Shot by Zach Parise.
9:04 of 2nd period - Shot Misses the Net.
9:06 of 2nd period - Shot by Michael Nylander.
9:06 of 2nd period - Shot Blocked by Dan Fritsche.
9:53 of 2nd period - Christian Ehrhoff is hit by Jamie Langenbrunner and loses puck.
10:25 of 2nd period - Shot by Jean-Pierre Dumont.
10:25 of 2nd period - Shot Misses the Net.
10:29 of 2nd period - Shot by Jean-Pierre Dumont.
10:29 of 2nd period - Shot Blocked by Anze Kopitar.
10:31 of 2nd period - Shot by Ryan Getzlaf.
10:31 of 2nd period - Shot Blocked by Christian Ehrhoff.
10:33 of 2nd period - Shot by Jean-Pierre Dumont.
10:33 of 2nd period - Shot Misses the Net.
11:22 of 2nd period - Minor Penalty to Jason Chimera for Slashing.
11:23 of 2nd period - Zach Parise wins face-off versus Dan Fritsche in neutral zone.
11:26 of 2nd period - Shot by Michael Nylander.
11:26 of 2nd period - Shot Blocked by Nick Schultz.
11:34 of 2nd period - Shot by Michael Nylander.
11:34 of 2nd period - Deflect By Jamie Langenbrunner.
11:34 of 2nd period - Shot Misses the Net.
11:36 of 2nd period - Shot by Jamie Langenbrunner.
11:36 of 2nd period - Stopped by Jaroslav Halak without a rebound.
11:37 of 2nd period - Michael Nylander wins face-off versus Fredrik Modin in BlueJackets zone.
11:40 of 2nd period - Shot by Zach Parise.
11:40 of 2nd period - Stopped by Jaroslav Halak without a rebound.
11:41 of 2nd period - Michael Nylander wins face-off versus Dan Fritsche in BlueJackets zone.
11:46 of 2nd period - Shot by Jamie Langenbrunner.
11:46 of 2nd period - Shot Blocked by Brent Burns.
12:08 of 2nd period - Shot by Jamie Langenbrunner.
12:08 of 2nd period - Stopped by Jaroslav Halak with a rebound.
13:37 of 2nd period - Off-side.
13:38 of 2nd period - Travis Zajac wins face-off versus Steve Rucchin in neutral zone.
13:46 of 2nd period - Icing by Steve Rucchin.
13:47 of 2nd period - Steve Rucchin wins face-off versus Miroslav Satan in BlueJackets zone.
13:49 of 2nd period - Icing by Jason Chimera.
13:50 of 2nd period - Travis Zajac wins face-off versus Mike Grier in BlueJackets zone.
13:50 of 2nd period - Travis Zajac is hit by Alexander Svitov.
14:19 of 2nd period - Minor Penalty to Alexander Svitov for Tripping.
14:20 of 2nd period - Teemu Selanne wins face-off versus Daniel Alfredsson in BlueJackets zone.
15:39 of 2nd period - Shot by Jamie Langenbrunner.
15:39 of 2nd period - Shot Blocked by Dan Girardi.
15:53 of 2nd period - Michael Nylander is hit by Teemu Selanne and loses puck.
16:05 of 2nd period - Zach Parise is hit by Jason Smith.
16:26 of 2nd period - Off-side.
16:27 of 2nd period - Steve Rucchin wins face-off versus Travis Zajac in neutral zone.
16:27 of 2nd period - Mike Grier is hit by Travis Zajac and loses puck.
17:24 of 2nd period - Shot by John Madden.
17:24 of 2nd period - Shot Misses the Net.
17:37 of 2nd period - Minor Penalty to Fredrik Modin for Holding.
17:38 of 2nd period - Teemu Selanne wins face-off versus Ryan Getzlaf in neutral zone.
17:58 of 2nd period - Shot by Chris Chelios.
17:58 of 2nd period - Stopped by Jaroslav Halak without a rebound.
17:59 of 2nd period - Teemu Selanne wins face-off versus Jamie Langenbrunner in BlueJackets zone.
17:59 of 2nd period - Teemu Selanne is hit by Zach Parise.
18:34 of 2nd period - Shot by Vyacheslav Kozlov.
18:34 of 2nd period - Shot Misses the Net.
19:22 of 2nd period - Shot by Daniel Alfredsson.
19:22 of 2nd period - Stopped by Jaroslav Halak without a rebound.
19:23 of 2nd period - Teemu Selanne wins face-off versus Daniel Alfredsson in BlueJackets zone.

Period #3

0:01 of 3rd period - Patrick Marleau wins face-off versus Michael Nylander in neutral zone.
0:10 of 3rd period - Shot by Patrick Marleau.
0:10 of 3rd period - Stopped by Martin Brodeur without a rebound.
0:11 of 3rd period - Anze Kopitar wins face-off versus Ryan Getzlaf in Devils zone.
0:47 of 3rd period - Shot by Jean-Pierre Dumont.
0:47 of 3rd period - Shot Blocked by Brent Burns.
0:50 of 3rd period - Icing by Nick Schultz.
0:51 of 3rd period - Anze Kopitar wins face-off versus Michael Nylander in BlueJackets zone.
1:03 of 3rd period - Off-side.
1:04 of 3rd period - Travis Zajac wins face-off versus Patrick Marleau in neutral zone.
1:10 of 3rd period - Icing by Christian Ehrhoff.
1:11 of 3rd period - John Madden wins face-off versus Patrick Marleau in BlueJackets zone.
1:15 of 3rd period - Icing by Christian Ehrhoff.
1:16 of 3rd period - Travis Zajac wins face-off versus Patrick Marleau in BlueJackets zone.
1:39 of 3rd period - Teemu Selanne is hit by Juraj Kolnik and loses puck.
2:19 of 3rd period - Icing by Dan Girardi.
2:20 of 3rd period - Ryan Getzlaf wins face-off versus Steve Rucchin in BlueJackets zone.
2:31 of 3rd period - Shot by Daniel Alfredsson.
2:31 of 3rd period - Stopped by Jaroslav Halak without a rebound.
2:32 of 3rd period - Anze Kopitar wins face-off versus John Madden in BlueJackets zone.
2:58 of 3rd period - Brent Burns is hit by Brad Lukowich and loses puck.
3:12 of 3rd period - Anze Kopitar is hit by Chris Chelios and loses puck.
4:00 of 3rd period - Shot by Ryan Getzlaf.
4:00 of 3rd period - Stopped by Jaroslav Halak with a rebound.
4:02 of 3rd period - Shot by Jean-Pierre Dumont.
4:02 of 3rd period - Deflect By Daniel Alfredsson.
4:02 of 3rd period - Shot Blocked by Brent Burns.
4:42 of 3rd period - Minor Penalty to Paul Martin for Interference.
4:43 of 3rd period - John Madden wins face-off versus Patrick Marleau in Devils zone.
5:53 of 3rd period - Minor Penalty to Colin White for Slashing.
5:54 of 3rd period - Ryan Getzlaf wins face-off versus Patrick Marleau in Devils zone.
6:03 of 3rd period - Shot by Patrick Marleau.
6:03 of 3rd period - Shot Misses the Net.
6:07 of 3rd period - Shot by Patrick Marleau.
6:07 of 3rd period - Shot Blocked by Chris Chelios.
6:09 of 3rd period - Shot by Vyacheslav Kozlov.
6:09 of 3rd period - Stopped by Martin Brodeur without a rebound.
6:10 of 3rd period - Ryan Getzlaf wins face-off versus Anze Kopitar in Devils zone.
6:58 of 3rd period - Shot by Patrick Marleau.
6:58 of 3rd period - Shot Misses the Net.
7:00 of 3rd period - Shot by Patrick Marleau.
7:00 of 3rd period - Shot Blocked by Paul Martin.
7:19 of 3rd period - Minor Penalty to Jamie Langenbrunner for Hooking.
7:20 of 3rd period - John Madden wins face-off versus Alexander Svitov in neutral zone.
7:37 of 3rd period - Dan Fritsche is hit by John Madden and loses puck.
8:16 of 3rd period - Shot by Zach Parise.
8:16 of 3rd period - Shot Misses the Net.
8:18 of 3rd period - Shot by Paul Martin.
8:18 of 3rd period - Goal by Paul Martin - Devils : 6 - BlueJackets : 3.
8:19 of 3rd period - Patrick Marleau wins face-off versus Ryan Getzlaf in neutral zone.
8:45 of 3rd period - Icing by Jason Smith.
8:46 of 3rd period - John Madden wins face-off versus Patrick Marleau in BlueJackets zone.
9:50 of 3rd period - Icing by Brent Burns.
9:51 of 3rd period - Zach Parise wins face-off versus Steve Rucchin in BlueJackets zone.
9:54 of 3rd period - Shot by Michael Nylander.
9:54 of 3rd period - Stopped by Jaroslav Halak without a rebound.
9:55 of 3rd period - Michael Nylander wins face-off versus Anze Kopitar in BlueJackets zone.
10:03 of 3rd period - Icing by Anze Kopitar.
10:04 of 3rd period - Anze Kopitar wins face-off versus Ryan Getzlaf in BlueJackets zone.
10:17 of 3rd period - Shot by Daniel Alfredsson.
10:17 of 3rd period - Shot Misses the Net.
10:19 of 3rd period - Shot by Ryan Getzlaf.
10:19 of 3rd period - Shot Misses the Net.
10:21 of 3rd period - Shot by Jean-Pierre Dumont.
10:21 of 3rd period - Shot Misses the Net.
10:25 of 3rd period - Shot by Ryan Getzlaf.
10:25 of 3rd period - Stopped by Jaroslav Halak with a rebound.
10:29 of 3rd period - Shot by Daniel Alfredsson.
10:29 of 3rd period - Stopped by Jaroslav Halak without a rebound.
10:30 of 3rd period - Miroslav Satan wins face-off versus Steve Rucchin in BlueJackets zone.
11:47 of 3rd period - Icing by Chris Chelios.
11:48 of 3rd period - Michael Nylander wins face-off versus Patrick Marleau in Devils zone.
12:10 of 3rd period - Shot by Teemu Selanne.
12:10 of 3rd period - Shot Misses the Net.
12:15 of 3rd period - Off-side.
12:16 of 3rd period - Ryan Getzlaf wins face-off versus Steve Rucchin in neutral zone.
12:19 of 3rd period - Shot by Jean-Pierre Dumont.
12:19 of 3rd period - Shot Misses the Net.
12:21 of 3rd period - Shot by Jean-Pierre Dumont.
12:21 of 3rd period - Shot Blocked by Jason Smith.
12:23 of 3rd period - Shot by Daniel Alfredsson.
12:23 of 3rd period - Shot Misses the Net.
12:25 of 3rd period - Shot by Jean-Pierre Dumont.
12:25 of 3rd period - Shot Blocked by Jason Smith.
12:27 of 3rd period - Shot by Ryan Getzlaf.
12:27 of 3rd period - Shot Misses the Net.
12:29 of 3rd period - Shot by Jean-Pierre Dumont.
12:29 of 3rd period - Shot Misses the Net.
12:34 of 3rd period - Icing by Jason Chimera.
12:35 of 3rd period - Travis Zajac wins face-off versus Steve Rucchin in BlueJackets zone.
14:14 of 3rd period - Off-side.
14:15 of 3rd period - Patrick Marleau wins face-off versus Michael Nylander in neutral zone.
14:47 of 3rd period - Shot by Michael Nylander.
14:47 of 3rd period - Shot Misses the Net.
14:49 of 3rd period - Shot by Michael Nylander.
14:49 of 3rd period - Shot Misses the Net.
14:51 of 3rd period - Shot by Brad Lukowich.
14:51 of 3rd period - Stopped by Jaroslav Halak without a rebound.
14:52 of 3rd period - Travis Zajac wins face-off versus Steve Rucchin in BlueJackets zone.
14:55 of 3rd period - Shot by Juraj Kolnik.
14:55 of 3rd period - Stopped by Jaroslav Halak without a rebound.
14:56 of 3rd period - Anze Kopitar wins face-off versus Travis Zajac in BlueJackets zone.
14:56 of 3rd period - Anze Kopitar is hit by Juraj Kolnik.
14:59 of 3rd period - Icing by Brent Burns.
15:00 of 3rd period - Travis Zajac wins face-off versus Anze Kopitar in BlueJackets zone.
15:01 of 3rd period - Shot by Miroslav Satan.
15:01 of 3rd period - Stopped by Jaroslav Halak without a rebound.
15:02 of 3rd period - Anze Kopitar wins face-off versus Travis Zajac in BlueJackets zone.
15:39 of 3rd period - Shot by Travis Zajac.
15:39 of 3rd period - Shot Misses the Net.
15:49 of 3rd period - Shot by Zach Parise.
15:49 of 3rd period - Stopped by Jaroslav Halak without a rebound.
15:50 of 3rd period - Steve Rucchin wins face-off versus Ryan Getzlaf in BlueJackets zone.
16:05 of 3rd period - Shot by Daniel Alfredsson.
16:05 of 3rd period - Shot Misses the Net.
16:36 of 3rd period - Minor Penalty to Jean-Pierre Dumont for Tripping.
16:37 of 3rd period - John Madden wins face-off versus Patrick Marleau in neutral zone.
16:52 of 3rd period - Shot by Patrick Marleau.
16:52 of 3rd period - Deflect By Teemu Selanne.
16:52 of 3rd period - Shot Misses the Net.
16:54 of 3rd period - Shot by Jason Smith.
16:54 of 3rd period - Shot Misses the Net.
16:56 of 3rd period - Shot by Dan Girardi.
16:56 of 3rd period - Stopped by Martin Brodeur without a rebound.
16:57 of 3rd period - Anze Kopitar wins face-off versus Ryan Getzlaf in Devils zone.
18:32 of 3rd period - Shot by Brent Burns.
18:32 of 3rd period - Stopped by Martin Brodeur without a rebound.
18:33 of 3rd period - John Madden wins face-off versus Anze Kopitar in Devils zone.
18:50 of 3rd period - Minor Penalty to Alexander Svitov for Hooking.
18:51 of 3rd period - Michael Nylander wins face-off versus Teemu Selanne in BlueJackets zone.
18:52 of 3rd period - Shot by Zach Parise.
18:52 of 3rd period - Shot Blocked by Dan Girardi.
18:54 of 3rd period - Shot by Zach Parise.
18:54 of 3rd period - Stopped by Jaroslav Halak with a rebound.
18:58 of 3rd period - Shot by Zach Parise.
18:58 of 3rd period - Stopped by Jaroslav Halak without a rebound.
18:59 of 3rd period - Dan Fritsche wins face-off versus Michael Nylander in BlueJackets zone.
19:54 of 3rd period - Shot by Ryan Getzlaf.
19:54 of 3rd period - Shot Misses the Net.
19:56 of 3rd period - Shot by Chris Chelios.
19:56 of 3rd period - Stopped by Jaroslav Halak without a rebound.
19:57 of 3rd period - Dan Fritsche wins face-off versus Ryan Getzlaf in BlueJackets zone.


Output by the SimonT Hockey Simulator (STHS) for Stephane Roy -- Original Page W3C XHTML 1.0 Valid